Mulligans vs Monarchs
(R1)
Created - October 13, 2017 at 19:04
Goals
|
| Mulligans |
1 |
4 |
2 |
7 |
| Monarchs |
0 |
0 |
2 |
2 |
|
Shots
|
| Mulligans |
7 |
12 |
11 |
30 |
| Monarchs |
17 |
8 |
9 |
34 |
|
1st period
1. Mulligans , Eric Tangradi 2 (Nick Bonino 2) at 17:53
Penalties :
Jeff Skinner (MAN) for Tripping (Minor) at 5:11, Eric Tangradi (Rep) for Tripping (Minor) at 14:04
2nd period
2. Mulligans , Nick Bonino 3 (Jonathan Tremblay 2, Eric Tangradi 3) at 0:12
3. Mulligans , Joonas Donskoi 1 (Cade Fairchild 1, Sven Baertschi 1) at 1:11
4. Mulligans , Derek Dorsett 1 (Thomas Hickey 2, Matt Niskanen 3) at 9:45
5. Mulligans , Eric Tangradi 3 (Matt Niskanen 4, Nick Bonino 3) at 9:53
Penalties :
Matt Beleskey (Rep) for Slashing (Minor) at 1:52, Colton Parayko (MAN) for Roughing (Minor) at 5:23, Drayson Bowman (Rep) for Cross-checking (Minor) at 11:30, Alec Martinez (MAN) for Interference (Minor) at 14:51
3rd period
6. Monarchs , Tomas Kubalik 1 (Colton Parayko 1) at 0:16
7. Mulligans , Eric Tangradi 4 (Jonathan Tremblay 3) at 0:26
8. Monarchs , Tom Pyatt 1 (Matt Tennyson 1, Riley Cote 1) at 5:14 (SH)
9. Mulligans , Nick Bonino 4 (Eric Tangradi 4, Matt Niskanen 5) at 11:05
Penalties :
Emerson Etem (MAN) for Fighting (Major) at 0:41, Matt Niskanen (Rep) for Fighting (Major) at 0:41, Matt Donovan (Rep) for Interference (Minor) at 1:40, Bryan Rust (MAN) for Roughing (Minor) at 4:06, Colton Sissons (MAN) for Tripping (Minor) at 6:28, Matt Donovan (Rep) for Slashing (Minor) at 11:50, Matt Donovan (Rep) for Holding (Minor) at 16:11
Goalie Stats
Anders Lindback (Rep), 32 saves from 34 shots - (0.941), W, 2-0-0, 60:00 minutes
Matt Murray (MAN), 11 saves from 15 shots - (0.733), L, 0-1-0, 29:45 minutes
Darcy Kuemper (MAN), 12 saves from 15 shots - (0.800), 30:15 minutes
Players Stats for Mulligans
Player Name G A P +/- PIM S H SB GA TA FO MP PP MP PK MP
------------------------------------------------------------------------------------
Anton Lander 0 0 0 1 0 1 2 1 0 0 8/12 18:30 4:03 3:27
Ben Hutton 0 0 0 1 0 0 0 0 0 0 0/0 9:05 0:00 3:08
Cade Fairchild 0 1 1 1 0 1 0 0 0 1 0/0 13:35 1:11 4:21
Christoph Bertschy 0 0 0 1 0 0 0 0 0 2 0/1 6:50 0:00 0:12
Cody Goloubef 0 0 0 0 0 1 2 1 0 0 0/0 22:27 4:29 7:17
Dalton Thrower 0 0 0 0 0 0 0 0 0 0 0/0 5:35 0:00 0:00
Darren Dietz 0 0 0 0 0 0 0 0 0 0 0/0 6:31 0:00 0:44
Derek Dorsett 1 0 1 1 0 3 0 1 1 0 1/2 14:58 4:03 0:00
Drayson Bowman 0 0 0 0 2 2 0 0 3 0 0/0 17:12 3:56 5:01
Eric Tangradi 3 2 5 3 2 7 1 0 1 1 2/3 21:09 5:52 2:42
Jonathan Tremblay 0 2 2 3 0 1 1 0 0 0 0/1 17:14 5:52 0:00
Joonas Donskoi 1 0 1 1 0 2 0 0 0 0 0/0 6:38 0:00 0:00
Logan Shaw 0 0 0 0 0 1 1 0 0 0 0/0 10:25 0:00 2:48
Matt Beleskey 0 0 0 1 2 0 1 0 0 2 0/0 11:14 0:00 0:00
Matt Donovan 0 0 0 0 6 1 0 1 2 3 0/0 19:27 4:29 3:41
Matt Niskanen 0 3 3 4 5 3 0 1 0 0 0/0 17:43 4:15 0:00
Maxime Macenauer 0 0 0 0 0 1 0 0 0 0 8/15 14:34 0:00 6:40
Nick Bonino 2 2 4 3 0 5 2 0 1 0 16/32 17:14 5:52 0:00
Sven Baertschi 0 1 1 1 0 1 2 0 0 0 0/1 11:18 0:07 2:58
Thomas Hickey 0 1 1 4 0 0 0 0 0 0 0/0 26:20 5:26 4:37
Players Stats for Monarchs
Player Name G A P +/- PIM S H SB GA TA FO MP PP MP PK MP
------------------------------------------------------------------------------------
Alec Martinez 0 0 0 -3 2 2 2 0 1 1 0/0 22:12 7:22 3:15
Bryan Rust 0 0 0 -1 2 2 0 0 2 0 0/0 10:00 0:00 3:43
Chris Tierney 0 0 0 -3 0 0 0 1 0 0 5/13 15:46 4:37 0:55
Colton Parayko 0 1 1 -2 2 0 0 1 1 4 0/0 17:00 0:00 0:00
Colton Sissons 0 0 0 -1 2 1 1 0 0 0 1/4 6:01 0:00 0:00
Connor Brown 0 0 0 -2 0 2 2 0 1 1 1/1 15:58 6:34 0:00
Emerson Etem 0 0 0 -3 5 2 1 1 0 0 0/0 9:59 0:00 0:15
Gabriel Landeskog 0 0 0 0 0 3 1 2 0 1 0/1 22:23 6:46 3:26
Igor Makarov 0 0 0 0 0 0 0 0 0 0 0/0 1:11 0:12 0:00
Jeff Skinner 0 0 0 -2 2 1 5 1 0 0 0/0 15:58 5:08 1:23
Joe Morrow 0 0 0 0 0 0 1 1 0 0 0/0 14:35 4:32 0:00
Jordie Benn 0 0 0 0 0 0 0 0 0 0 0/0 5:52 0:00 5:52
Jujhar Khaira 0 0 0 -1 0 0 0 0 0 0 0/1 7:50 0:43 0:20
Matt Irwin 0 0 0 -2 0 3 2 0 0 0 0/0 22:29 7:22 0:14
Matt Tennyson 0 1 1 -3 0 2 4 1 0 0 0/0 15:16 0:00 4:03
Michael Stone 0 0 0 0 0 1 1 1 0 0 0/0 15:12 4:32 0:34
Patrick Maroon 0 0 0 1 0 0 1 0 0 0 0/0 2:56 0:00 2:27
Riley Cote 0 1 1 -3 0 2 0 0 1 0 3/6 15:28 0:00 5:09
Tom Pyatt 1 0 1 -1 0 5 0 0 0 1 8/15 12:11 0:00 2:27
Tomas Kubalik 1 0 1 0 0 4 1 1 1 0 0/0 16:17 5:08 0:00
Ty Wishart 0 0 0 0 0 0 0 0 0 0 0/0 7:54 0:00 5:52
Tyler Toffoli 0 0 0 0 0 4 1 0 2 0 14/26 17:46 6:34 0:00
3 Stars
1 - Eric Tangradi (Rep)
2 - Nick Bonino (Rep)
3 - Jonathan Tremblay (Rep)
Power Play
Mulligans - 0 on 5 Attempt(s) - 0.00%
Monarchs - 0 on 6 Attempt(s) - 0.00%
Penalty Kill
Mulligans - 6 on 6 Attempt(s) - 100.00%
- Score 0 goal in Penalty Kill
Monarchs - 5 on 5 Attempt(s) - 100.00%
- Score 1 goal in Penalty Kill
Team Stat
Mulligans - Hits : 12 - Faceoff Wins : 35 - Blocked Shots : 5 - Penalty Minutes : 17
Monarchs - Hits : 23 - Faceoff Wins : 32 - Blocked Shots : 10 - Penalty Minutes : 15
Official
Referees : L'Ecuyer Frederick and StPierre Justin
Linesman : Pierre Racicot and Vaughan Rody
Game Notes
9:45 of 2nd period - Mulligans goal is going for a video replay. After video review, Goal.
Darcy Kuemper enters game at 9:45 of 2nd period
Eric Tangradi has scored a Hat Trick!
Emerson Etem and Matt Niskanen fight to a draw at 0:41 of 3rd period
17:13 of 3rd period - Monarchs goal is going for a video replay. After video review, No Goal. The puck has been kicked using a distinct kicking motion.
Finance
Level 1 -- Attendance: 1595 (79.75%) -- Ticket Income $63,800
Level 2 -- Attendance: 665 (66.50%) -- Ticket Income $13,300
Total Attendance: 2260 (75.33%)
Total Ticket Income: $77,100
Other Income: $3,855
Total Income: $80,955
Mulligans
5 vs 5 Forward
Center Left Wing Right Wing Time % Phy DF OF
1 Nick Bonino Eric Tangradi Jonathan Tremblay 40 1 1 3
2 Anton Lander Matt Beleskey Derek Dorsett 30 1 2 2
3 Maxime Macenauer Drayson Bowman Logan Shaw 20 1 2 2
4 Christoph Bertschy Sven Baertschi Joonas Donskoi 10 1 2 2
5 vs 5 Defense
Defense Defense Time % Phy DF OF
1 Thomas Hickey Matt Niskanen 40 1 2 2
2 Matt Donovan Cody Goloubef 30 1 2 2
3 Cade Fairchild Ben Hutton 20 1 3 1
4 Darren Dietz Dalton Thrower 10 1 3 1
PowerPlay Forward
Center Left Wing Right Wing Time % Phy DF OF
1 Nick Bonino Eric Tangradi Jonathan Tremblay 60 1 1 3
2 Anton Lander Drayson Bowman Derek Dorsett 40 1 1 3
PowerPlay Defense
Defense Defense Time % Phy DF OF
1 Thomas Hickey Matt Niskanen 60 1 1 3
2 Matt Donovan Cody Goloubef 40 1 1 3
Penalty Kill 4 Players Forward
Center Wing Time % Phy DF OF
1 Maxime Macenauer Drayson Bowman 60 1 3 1
2 Anton Lander Logan Shaw 40 1 3 1
Penalty Kill 4 Players Defense
Defense Defense Time % Phy DF OF
1 Matt Donovan Cody Goloubef 60 1 4 0
2 Cade Fairchild Thomas Hickey 40 1 4 0
Penalty Kill - 3 Players Forward
Forward Time % Phy DF OF
1 Nick Bonino 60 1 3 1
2 Jonathan Tremblay 40 1 3 1
Penalty Kill - 3 Players Defense
Defense Defense Time % Phy DF OF
1 Matt Donovan Cody Goloubef 60 1 4 0
2 Cade Fairchild Thomas Hickey 40 1 4 0
4 vs 4 Forward
Center Wing Time % Phy DF OF
1 Nick Bonino Jonathan Tremblay 60 1 2 2
2 Anton Lander Matt Beleskey 40 1 2 2
4 vs 4 Defense
Defense Defense Time % Phy DF OF
1 Thomas Hickey Matt Niskanen 60 1 2 2
2 Matt Donovan Cody Goloubef 40 1 2 2
Last Minutes Offensive
Center Left Wing Right Wing Defense Defense
Nick Bonino Eric Tangradi Jonathan Tremblay Thomas Hickey Matt Niskanen
Last Minutes Defensive
Center Left Wing Right Wing Defense Defense
Anton Lander Eric Tangradi Jonathan Tremblay Thomas Hickey Matt Donovan
Goaltenders
Starting : Anders Lindback
Backup : Calvin Pickard
Extra Forwards
Normal : Maxime Macenauer, Drayson Bowman, Sven Baertschi - PP : Eric Tangradi, Sven Baertschi - PK : Eric Tangradi
Extra Defensemen
Normal : Cade Fairchild, Ben Hutton, Darren Dietz - PP : Cade Fairchild - PK : Ben Hutton, Darren Dietz
Penalty Shots
Matt Beleskey, Jonathan Tremblay, Nick Bonino, Maxime Macenauer, Anton Lander
Scratches
Reid Boucher (Healthy), Nick Shore (Healthy), Mario Lucia (Healthy), Adam Lowry (Healthy), Marek Langhamer (Healthy)
Monarchs
5 vs 5 Forward
Center Left Wing Right Wing Time % Phy DF OF
1 Tyler Toffoli Gabriel Landeskog Tomas Kubalik 35 1 1 3
2 Tom Pyatt Jeff Skinner Connor Brown 30 1 1 3
3 Chris Tierney Riley Cote Emerson Etem 30 1 2 2
4 Colton Sissons Jujhar Khaira Bryan Rust 5 1 2 2
5 vs 5 Defense
Defense Defense Time % Phy DF OF
1 Matt Irwin Colton Parayko 40 1 3 1
2 Alec Martinez Matt Tennyson 35 1 3 1
3 Michael Stone Joe Morrow 25 1 3 1
4 Ty Wishart Colton Parayko 0 1 2 1
PowerPlay Forward
Center Left Wing Right Wing Time % Phy DF OF
1 Tyler Toffoli Gabriel Landeskog Connor Brown 60 0 1 4
2 Chris Tierney Jeff Skinner Tomas Kubalik 40 0 1 4
PowerPlay Defense
Defense Defense Time % Phy DF OF
1 Alec Martinez Matt Irwin 60 0 2 3
2 Joe Morrow Michael Stone 40 0 2 3
Penalty Kill 4 Players Forward
Center Wing Time % Phy DF OF
1 Riley Cote Bryan Rust 60 1 3 1
2 Tom Pyatt Patrick Maroon 40 1 3 1
Penalty Kill 4 Players Defense
Defense Defense Time % Phy DF OF
1 Jordie Benn Ty Wishart 60 1 4 0
2 Matt Tennyson Alec Martinez 40 2 3 0
Penalty Kill - 3 Players Forward
Forward Time % Phy DF OF
1 Riley Cote 60 1 3 1
2 Gabriel Landeskog 40 1 3 1
Penalty Kill - 3 Players Defense
Defense Defense Time % Phy DF OF
1 Matt Tennyson Jordie Benn 60 1 4 0
2 Ty Wishart Alec Martinez 40 2 3 0
4 vs 4 Forward
Center Wing Time % Phy DF OF
1 Tyler Toffoli Gabriel Landeskog 60 1 2 2
2 Connor Brown Jeff Skinner 40 1 2 2
4 vs 4 Defense
Defense Defense Time % Phy DF OF
1 Matt Irwin Matt Tennyson 60 1 2 2
2 Alec Martinez Colton Parayko 40 1 2 2
Last Minutes Offensive
Center Left Wing Right Wing Defense Defense
Tyler Toffoli Gabriel Landeskog Connor Brown Matt Irwin Alec Martinez
Last Minutes Defensive
Center Left Wing Right Wing Defense Defense
Gabriel Landeskog Riley Cote Bryan Rust Alec Martinez Matt Tennyson
Goaltenders
Starting : Matt Murray
Backup : Darcy Kuemper
Extra Forwards
Normal : Igor Makarov, Jujhar Khaira, Connor Brown - PP : Jujhar Khaira, Igor Makarov - PK : Gabriel Landeskog
Extra Defensemen
Normal : Matt Irwin, Colton Parayko, Michael Stone - PP : Colton Parayko - PK : Michael Stone, Matt Irwin
Penalty Shots
Igor Makarov, Riley Cote, Jeff Skinner, Tyler Toffoli, Tomas Kubalik
Scratches
Philip Varone (Healthy), Christophe Lalancette (Healthy), Derek Forbort (Healthy), Vojtech Polak (Healthy), Jamie McGinn (Healthy)
Tyler McNeely (Healthy), Ryan White (Healthy), Trevor Lewis (Healthy), Anthony Peluso (Healthy), Jake Muzzin (Healthy)
Greg Pateryn (Healthy), Jeff Frazee (Healthy)
% Time on Ice - Mulligans
Lines # - Real PCT - Wanted PCT - Time Play
Normal Forward
1 - 34% - 40% - 13:01
2 - 29% - 30% - 10:55
3 - 20% - 20% - 7:37
4 - 17% - 10% - 6:38
Normal Defense
1 - 39% - 40% - 14:58
2 - 31% - 30% - 12:00
3 - 15% - 20% - 5:38
4 - 15% - 10% - 5:35
PP Forward
1 - 59% - 60% - 5:52
2 - 41% - 40% - 4:03
PP Defense
1 - 55% - 60% - 5:26
2 - 45% - 40% - 4:29
PK Forward
1 - 76% - 60% - 9:06
2 - 24% - 40% - 2:48
PK Defense
1 - 63% - 60% - 7:33
2 - 37% - 40% - 4:21
PK3 Forward
1 - 0% - 60%
2 - 0% - 40%
PK3 Defense
1 - 0% - 60%
2 - 0% - 40%
44 Forward
1 - 0% - 60%
2 - 0% - 40%
44 Defense
1 - 0% - 60%
2 - 0% - 40%
Last Minute Offensive - 0:00
Last Minute Defensive - 0:00
Total
Forward - 60:00
Defense - 60:00
|
% Time on Ice - Monarchs
Lines # - Real PCT - Wanted PCT - Time Play
Normal Forward
1 - 32% - 35% - 12:15
2 - 26% - 30% - 9:50
3 - 26% - 30% - 10:05
4 - 16% - 5% - 6:01
Normal Defense
1 - 39% - 40% - 14:53
2 - 33% - 35% - 12:44
3 - 22% - 25% - 8:32
4 - 5% - 0% - 2:02
PP Forward
1 - 57% - 60% - 6:46
2 - 43% - 40% - 5:08
PP Defense
1 - 62% - 60% - 7:22
2 - 38% - 40% - 4:32
PK Forward
1 - 75% - 60% - 7:28
2 - 25% - 40% - 2:27
PK Defense
1 - 59% - 60% - 5:52
2 - 41% - 40% - 4:03
PK3 Forward
1 - 0% - 60%
2 - 0% - 40%
PK3 Defense
1 - 0% - 60%
2 - 0% - 40%
44 Forward
1 - 0% - 60%
2 - 0% - 40%
44 Defense
1 - 0% - 60%
2 - 0% - 40%
Last Minute Offensive - 0:00
Last Minute Defensive - 0:00
Total
Forward - 60:00
Defense - 60:00
|
Play by Play
1st period
0:01 of 1st period - Nick Bonino wins face-off versus Tyler Toffoli in neutral zone.
0:10 of 1st period - Snap shot by Eric Tangradi.
0:10 of 1st period - Stopped by Matt Murray with a rebound.
0:12 of 1st period - Slapshot by Thomas Hickey.
0:12 of 1st period - Deflect By Jonathan Tremblay.
0:12 of 1st period - Shot Misses the Net.
0:12 of 1st period - Puck is out of play.
0:13 of 1st period - Tom Pyatt wins face-off versus Derek Dorsett in Monarchs zone.
1:10 of 1st period - Wrist shot by Tyler Toffoli.
1:10 of 1st period - Shot Misses the Net.
1:42 of 1st period - Snap shot by Tom Pyatt.
1:42 of 1st period - Stopped by Anders Lindback with a rebound.
1:44 of 1st period - Snap shot by Matt Tennyson.
1:44 of 1st period - Stopped by Anders Lindback with a rebound.
1:46 of 1st period - Slapshot by Matt Tennyson.
1:46 of 1st period - Shot Blocked by Matt Niskanen.
1:48 of 1st period - Snap shot by Tom Pyatt.
1:48 of 1st period - Stopped by Anders Lindback with a rebound.
1:50 of 1st period - Slapshot by Matt Tennyson.
1:50 of 1st period - Stopped by Anders Lindback without a rebound.
1:51 of 1st period - Chris Tierney wins face-off versus Nick Bonino in Mulligans zone.
2:21 of 1st period - Snap shot by Drayson Bowman.
2:21 of 1st period - Shot Misses the Net.
2:23 of 1st period - Snap shot by Logan Shaw.
2:23 of 1st period - Shot Blocked by Joe Morrow.
2:25 of 1st period - Snap shot by Drayson Bowman.
2:25 of 1st period - Stopped by Matt Murray with a rebound.
2:39 of 1st period - Snap shot by Joonas Donskoi.
2:39 of 1st period - Shot Misses the Net.
2:41 of 1st period - Snap shot by Dalton Thrower.
2:41 of 1st period - Shot Misses the Net.
2:45 of 1st period - Snap shot by Joonas Donskoi.
2:45 of 1st period - Stopped by Matt Murray with a rebound.
2:47 of 1st period - Snap shot by Dalton Thrower.
2:47 of 1st period - Shot Misses the Net.
3:18 of 1st period - Cody Goloubef is hit by Emerson Etem and loses puck.
3:37 of 1st period - Joe Morrow is hit by Logan Shaw.
3:40 of 1st period - Off-side.
3:41 of 1st period - Colton Sissons wins face-off versus Maxime Macenauer in neutral zone.
3:58 of 1st period - Wrist shot by Colton Sissons.
3:58 of 1st period - Stopped by Anders Lindback with a rebound.
4:48 of 1st period - Wrist shot by Bryan Rust.
4:48 of 1st period - Stopped by Anders Lindback without a rebound.
4:49 of 1st period - Tom Pyatt wins face-off versus Nick Bonino in Mulligans zone.
5:11 of 1st period - Minor Penalty to Jeff Skinner for Tripping.
5:12 of 1st period - Riley Cote wins face-off versus Nick Bonino in Monarchs zone.
5:39 of 1st period - Tom Pyatt is hit by Eric Tangradi and loses puck.
7:10 of 1st period - Jonathan Tremblay is hit by Alec Martinez and loses puck.
7:11 of 1st period - Penalty to Jeff Skinner is over, Jeff Skinner is back on ice.
8:21 of 1st period - Slapshot by Emerson Etem.
8:21 of 1st period - Stopped by Anders Lindback with a rebound.
8:32 of 1st period - Icing by Cade Fairchild.
8:33 of 1st period - Connor Brown wins face-off versus Anton Lander in Mulligans zone.
9:27 of 1st period - Backhand shot by Tom Pyatt.
9:27 of 1st period - Stopped by Anders Lindback without a rebound.
9:28 of 1st period - Anton Lander wins face-off versus Tom Pyatt in Mulligans zone.
9:43 of 1st period - Slapshot by Tom Pyatt.
9:43 of 1st period - Shot Misses the Net.
9:53 of 1st period - Matt Donovan is hit by Tyler Toffoli and loses puck.
10:00 of 1st period - Snap shot by Nick Bonino.
10:00 of 1st period - Stopped by Matt Murray with a rebound.
10:02 of 1st period - Slapshot by Matt Niskanen.
10:02 of 1st period - Stopped by Matt Murray with a rebound.
10:04 of 1st period - Snap shot by Matt Niskanen.
10:04 of 1st period - Shot Misses the Net.
10:34 of 1st period - Snap shot by Logan Shaw.
10:34 of 1st period - Stopped by Matt Murray without a rebound.
10:35 of 1st period - Tom Pyatt wins face-off versus Maxime Macenauer in Monarchs zone.
11:02 of 1st period - Snap shot by Tyler Toffoli.
11:02 of 1st period - Stopped by Anders Lindback without a rebound.
11:03 of 1st period - Tyler Toffoli wins face-off versus Nick Bonino in Mulligans zone.
11:06 of 1st period - Backhand shot by Gabriel Landeskog.
11:06 of 1st period - Stopped by Anders Lindback without a rebound.
11:07 of 1st period - Nick Bonino wins face-off versus Gabriel Landeskog in Mulligans zone.
11:56 of 1st period - Wrist shot by Bryan Rust.
11:56 of 1st period - Stopped by Anders Lindback without a rebound.
11:57 of 1st period - Maxime Macenauer wins face-off versus Colton Sissons in Mulligans zone.
13:21 of 1st period - Snap shot by Riley Cote.
13:21 of 1st period - Stopped by Anders Lindback with a rebound.
13:23 of 1st period - Backhand shot by Michael Stone.
13:23 of 1st period - Shot Blocked by Anton Lander.
13:25 of 1st period - Snap shot by Emerson Etem.
13:25 of 1st period - Stopped by Anders Lindback with a rebound.
13:41 of 1st period - Snap shot by Emerson Etem.
13:41 of 1st period - Shot Misses the Net.
13:51 of 1st period - Wrist shot by Riley Cote.
13:51 of 1st period - Stopped by Anders Lindback without a rebound.
13:52 of 1st period - Tyler Toffoli wins face-off versus Nick Bonino in Mulligans zone.
13:59 of 1st period - Slapshot by Tomas Kubalik.
13:59 of 1st period - Shot Misses the Net.
14:04 of 1st period - Minor Penalty to Eric Tangradi for Tripping.
14:05 of 1st period - Tyler Toffoli wins face-off versus Maxime Macenauer in Mulligans zone.
16:04 of 1st period - Penalty to Eric Tangradi is over, Eric Tangradi is back on ice.
17:51 of 1st period - Icing by Riley Cote.
17:52 of 1st period - Nick Bonino wins face-off versus Chris Tierney in Monarchs zone.
17:53 of 1st period - Snap shot by Eric Tangradi.
17:53 of 1st period - Goal by Eric Tangradi - Mulligans : 1 - Monarchs : 0.
17:54 of 1st period - Tyler Toffoli wins face-off versus Nick Bonino in neutral zone.
17:59 of 1st period - Snap shot by Tomas Kubalik.
17:59 of 1st period - Stopped by Anders Lindback without a rebound.
18:00 of 1st period - Tyler Toffoli wins face-off versus Nick Bonino in Mulligans zone.
19:05 of 1st period - Snap shot by Tyler Toffoli.
19:05 of 1st period - Stopped by Anders Lindback with a rebound.
19:07 of 1st period - Snap shot by Tyler Toffoli.
19:07 of 1st period - Shot Misses the Net.
19:09 of 1st period - Wrist shot by Colton Parayko.
19:09 of 1st period - Shot Misses the Net.
19:11 of 1st period - Snap shot by Tyler Toffoli.
19:11 of 1st period - Stopped by Anders Lindback with a rebound.
19:13 of 1st period - Wrist shot by Tyler Toffoli.
19:13 of 1st period - Shot Blocked by Derek Dorsett.
19:15 of 1st period - Snap shot by Tyler Toffoli.
19:15 of 1st period - Shot Misses the Net.
Goals for this period are 1 for Mulligans vs 0 for Monarchs .
Shots for this period are 7 for Mulligans vs 17 for Monarchs .
2nd period
0:01 of 2nd period - Nick Bonino wins face-off versus Tom Pyatt in neutral zone.
0:06 of 2nd period - Wrist shot by Eric Tangradi.
0:06 of 2nd period - Stopped by Matt Murray with a rebound.
0:08 of 2nd period - Slapshot by Jonathan Tremblay.
0:08 of 2nd period - Stopped by Matt Murray with a rebound.
0:10 of 2nd period - Wrist shot by Nick Bonino.
0:10 of 2nd period - Stopped by Matt Murray with a rebound.
0:12 of 2nd period - Snap shot by Nick Bonino.
0:12 of 2nd period - Goal by Nick Bonino - Mulligans : 2 - Monarchs : 0.
0:13 of 2nd period - Nick Bonino wins face-off versus Tom Pyatt in neutral zone.
0:22 of 2nd period - Wrist shot by Connor Brown.
0:22 of 2nd period - Stopped by Anders Lindback with a rebound.
1:07 of 2nd period - Wrist shot by Sven Baertschi.
1:07 of 2nd period - Stopped by Matt Murray with a rebound.
1:09 of 2nd period - Snap shot by Cade Fairchild.
1:09 of 2nd period - Shot Blocked by Emerson Etem.
1:11 of 2nd period - Slapshot by Joonas Donskoi.
1:11 of 2nd period - Goal by Joonas Donskoi - Mulligans : 3 - Monarchs : 0.
1:12 of 2nd period - Tom Pyatt wins face-off versus Eric Tangradi in neutral zone.
1:21 of 2nd period - Snap shot by Connor Brown.
1:21 of 2nd period - Shot Misses the Net.
1:23 of 2nd period - Slapshot by Tom Pyatt.
1:23 of 2nd period - Stopped by Anders Lindback without a rebound.
1:24 of 2nd period - Nick Bonino wins face-off versus Tom Pyatt in Mulligans zone.
1:33 of 2nd period - Eric Tangradi is hit by Connor Brown.
1:52 of 2nd period - Minor Penalty to Matt Beleskey for Slashing.
1:53 of 2nd period - Maxime Macenauer wins face-off versus Tyler Toffoli in Mulligans zone.
2:24 of 2nd period - Wrist shot by Tomas Kubalik.
2:24 of 2nd period - Stopped by Anders Lindback with a rebound.
2:26 of 2nd period - Slapshot by Tomas Kubalik.
2:26 of 2nd period - Shot Misses the Net.
2:28 of 2nd period - Snap shot by Tomas Kubalik.
2:28 of 2nd period - Shot Misses the Net.
2:30 of 2nd period - Snap shot by Jeff Skinner.
2:30 of 2nd period - Shot Misses the Net.
3:52 of 2nd period - Penalty to Matt Beleskey is over, Matt Beleskey is back on ice.
4:00 of 2nd period - Cade Fairchild is hit by Colton Sissons and loses puck.
5:03 of 2nd period - Snap shot by Derek Dorsett.
5:03 of 2nd period - Shot Blocked by Michael Stone.
5:05 of 2nd period - Wrist shot by Anton Lander.
5:05 of 2nd period - Deflect By Derek Dorsett.
5:05 of 2nd period - Stopped by Matt Murray with a rebound.
5:07 of 2nd period - Slapshot by Anton Lander.
5:07 of 2nd period - Shot Misses the Net.
5:09 of 2nd period - Backhand shot by Darren Dietz.
5:09 of 2nd period - Shot Misses the Net.
5:18 of 2nd period - Off-side.
5:19 of 2nd period - Nick Bonino wins face-off versus Chris Tierney in neutral zone.
5:23 of 2nd period - Minor Penalty to Colton Parayko for Roughing.
5:24 of 2nd period - Riley Cote wins face-off versus Jonathan Tremblay in Monarchs zone.
5:47 of 2nd period - Riley Cote is hit by Cody Goloubef and loses puck.
6:20 of 2nd period - Anton Lander is hit by Patrick Maroon and loses puck.
6:45 of 2nd period - Cody Goloubef is hit by Gabriel Landeskog and loses puck.
7:23 of 2nd period - Penalty to Colton Parayko is over, Colton Parayko is back on ice.
7:24 of 2nd period - Derek Dorsett is hit by Matt Tennyson and loses puck.
7:59 of 2nd period - Snap shot by Tomas Kubalik.
7:59 of 2nd period - Stopped by Anders Lindback without a rebound.
8:00 of 2nd period - Maxime Macenauer wins face-off versus Tyler Toffoli in Mulligans zone.
8:29 of 2nd period - Anton Lander is hit by Michael Stone and loses puck.
9:43 of 2nd period - Backhand shot by Thomas Hickey.
9:43 of 2nd period - Shot Misses the Net.
9:45 of 2nd period - Snap shot by Derek Dorsett.
9:45 of 2nd period - Mulligans goal is going for a video replay.
9:45 of 2nd period - The goal is good.
9:45 of 2nd period - Goal by Derek Dorsett - Mulligans : 4 - Monarchs : 0.
9:45 of 2nd period - Darcy Kuemper enters game.
9:46 of 2nd period - Nick Bonino wins face-off versus Tom Pyatt in neutral zone.
9:49 of 2nd period - Wrist shot by Eric Tangradi.
9:49 of 2nd period - Shot Blocked by Colton Parayko.
9:51 of 2nd period - Slapshot by Matt Niskanen.
9:51 of 2nd period - Shot Blocked by Jeff Skinner.
9:53 of 2nd period - Snap shot by Eric Tangradi.
9:53 of 2nd period - Goal by Eric Tangradi - Mulligans : 5 - Monarchs : 0.
9:54 of 2nd period - Nick Bonino wins face-off versus Tyler Toffoli in neutral zone.
9:59 of 2nd period - Slapshot by Eric Tangradi.
9:59 of 2nd period - Stopped by Darcy Kuemper without a rebound.
10:00 of 2nd period - Tyler Toffoli wins face-off versus Nick Bonino in Monarchs zone.
10:05 of 2nd period - Matt Niskanen is hit by Tomas Kubalik and loses puck.
10:14 of 2nd period - Wrist shot by Nick Bonino.
10:14 of 2nd period - Stopped by Darcy Kuemper with a rebound.
10:16 of 2nd period - Snap shot by Jonathan Tremblay.
10:16 of 2nd period - Deflect By Nick Bonino.
10:16 of 2nd period - Shot Blocked by Tomas Kubalik.
10:16 of 2nd period - Puck is out of play.
10:17 of 2nd period - Tom Pyatt wins face-off versus Anton Lander in Monarchs zone.
11:30 of 2nd period - Minor Penalty to Drayson Bowman for Cross-checking.
11:31 of 2nd period - Maxime Macenauer wins face-off versus Tyler Toffoli in Mulligans zone.
11:39 of 2nd period - Wrist shot by Eric Tangradi.
11:39 of 2nd period - Deflect By Maxime Macenauer.
11:39 of 2nd period - Stopped by Darcy Kuemper without a rebound.
11:40 of 2nd period - Tyler Toffoli wins face-off versus Maxime Macenauer in Monarchs zone.
11:47 of 2nd period - Snap shot by Tyler Toffoli.
11:47 of 2nd period - Deflect By Cody Goloubef.
11:47 of 2nd period - Shot Blocked by Matt Donovan.
11:47 of 2nd period - Puck is out of play.
11:48 of 2nd period - Tyler Toffoli wins face-off versus Maxime Macenauer in Mulligans zone.
12:11 of 2nd period - Icing by Matt Irwin.
12:12 of 2nd period - Tyler Toffoli wins face-off versus Sven Baertschi in Monarchs zone.
12:33 of 2nd period - Slapshot by Matt Irwin.
12:33 of 2nd period - Stopped by Anders Lindback without a rebound.
12:34 of 2nd period - Eric Tangradi wins face-off versus Chris Tierney in Mulligans zone.
12:47 of 2nd period - Maxime Macenauer is hit by Jeff Skinner and loses puck.
13:30 of 2nd period - Penalty to Drayson Bowman is over, Drayson Bowman is back on ice.
13:46 of 2nd period - Slapshot by Alec Martinez.
13:46 of 2nd period - Stopped by Anders Lindback without a rebound.
13:47 of 2nd period - Derek Dorsett wins face-off versus Chris Tierney in Mulligans zone.
14:00 of 2nd period - Slapshot by Anton Lander.
14:00 of 2nd period - Shot Misses the Net.
14:02 of 2nd period - Snap shot by Thomas Hickey.
14:02 of 2nd period - Shot Blocked by Chris Tierney.
14:14 of 2nd period - Thomas Hickey is hit by Joe Morrow and loses puck.
14:31 of 2nd period - Gabriel Landeskog is hit by Sven Baertschi and loses puck.
14:42 of 2nd period - Sven Baertschi is hit by Matt Tennyson and loses puck.
14:51 of 2nd period - Minor Penalty to Alec Martinez for Interference.
14:52 of 2nd period - Riley Cote wins face-off versus Nick Bonino in Monarchs zone.
14:52 of 2nd period - Riley Cote is hit by Nick Bonino.
16:00 of 2nd period - Eric Tangradi is hit by Matt Tennyson and loses puck.
16:51 of 2nd period - Penalty to Alec Martinez is over, Alec Martinez is back on ice.
18:06 of 2nd period - Off-side.
18:07 of 2nd period - Maxime Macenauer wins face-off versus Chris Tierney in neutral zone.
18:16 of 2nd period - Wrist shot by Maxime Macenauer.
18:16 of 2nd period - Shot Misses the Net.
18:32 of 2nd period - Tom Pyatt is hit by Cody Goloubef and loses puck.
19:01 of 2nd period - Slapshot by Alec Martinez.
19:01 of 2nd period - Stopped by Anders Lindback with a rebound.
19:42 of 2nd period - Off-side.
19:43 of 2nd period - Tom Pyatt wins face-off versus Maxime Macenauer in neutral zone.
19:46 of 2nd period - Snap shot by Connor Brown.
19:46 of 2nd period - Stopped by Anders Lindback with a rebound.
19:52 of 2nd period - Thomas Hickey is hit by Jeff Skinner and loses puck.
Goals for this period are 4 for Mulligans vs 0 for Monarchs .
Shots for this period are 12 for Mulligans vs 8 for Monarchs .
3rd period
0:01 of 3rd period - Tyler Toffoli wins face-off versus Nick Bonino in neutral zone.
0:16 of 3rd period - Snap shot by Tomas Kubalik.
0:16 of 3rd period - Goal by Tomas Kubalik - Mulligans : 5 - Monarchs : 1.
0:17 of 3rd period - Nick Bonino wins face-off versus Chris Tierney in neutral zone.
0:26 of 3rd period - Snap shot by Eric Tangradi.
0:26 of 3rd period - Goal by Eric Tangradi - Mulligans : 6 - Monarchs : 1.
0:27 of 3rd period - Nick Bonino wins face-off versus Tyler Toffoli in neutral zone.
0:30 of 3rd period - Slapshot by Thomas Hickey.
0:30 of 3rd period - Shot Misses the Net.
0:35 of 3rd period - Off-side.
0:36 of 3rd period - Tyler Toffoli wins face-off versus Nick Bonino in neutral zone.
0:38 of 3rd period - Off-side.
0:39 of 3rd period - Chris Tierney wins face-off versus Nick Bonino in neutral zone.
0:41 of 3rd period - Emerson Etem and Matt Niskanen fight to a draw.
0:41 of 3rd period - Penalty to Emerson Etem for Fighting.
0:41 of 3rd period - Penalty to Matt Niskanen for Fighting.
0:42 of 3rd period - Tyler Toffoli wins face-off versus Nick Bonino in Mulligans zone.
0:49 of 3rd period - Snap shot by Gabriel Landeskog.
0:49 of 3rd period - Stopped by Anders Lindback with a rebound.
0:55 of 3rd period - Wrist shot by Tyler Toffoli.
0:55 of 3rd period - Stopped by Anders Lindback without a rebound.
0:56 of 3rd period - Chris Tierney wins face-off versus Nick Bonino in Mulligans zone.
0:57 of 3rd period - Slapshot by Matt Irwin.
0:57 of 3rd period - Stopped by Anders Lindback with a rebound.
1:05 of 3rd period - Chris Tierney is hit by Nick Bonino.
1:21 of 3rd period - Derek Dorsett is hit by Connor Brown and loses puck.
1:40 of 3rd period - Minor Penalty to Matt Donovan for Interference.
1:41 of 3rd period - Maxime Macenauer wins face-off versus Tyler Toffoli in Mulligans zone.
2:18 of 3rd period - Snap shot by Tomas Kubalik.
2:18 of 3rd period - Shot Misses the Net.
3:38 of 3rd period - Connor Brown is hit by Sven Baertschi and loses puck.
3:40 of 3rd period - Penalty to Matt Donovan is over, Matt Donovan is back on ice.
3:53 of 3rd period - Michael Stone is hit by Matt Beleskey and loses puck.
4:06 of 3rd period - Minor Penalty to Bryan Rust for Roughing.
4:07 of 3rd period - Nick Bonino wins face-off versus Riley Cote in Monarchs zone.
4:41 of 3rd period - Thomas Hickey is hit by Matt Tennyson and loses puck.
5:14 of 3rd period - Wrist shot by Tom Pyatt.
5:14 of 3rd period - Goal by Tom Pyatt - Mulligans : 6 - Monarchs : 2.
5:15 of 3rd period - Nick Bonino wins face-off versus Riley Cote in neutral zone.
5:40 of 3rd period - Jeff Skinner is hit by Anton Lander and loses puck.
5:41 of 3rd period - Penalty to Emerson Etem is over, Emerson Etem is back on ice.
5:49 of 3rd period - Backhand shot by Derek Dorsett.
5:49 of 3rd period - Shot Misses the Net.
6:06 of 3rd period - Penalty to Bryan Rust is over, Bryan Rust is back on ice.
6:18 of 3rd period - Off-side.
6:19 of 3rd period - Anton Lander wins face-off versus Colton Sissons in neutral zone.
6:23 of 3rd period - Off-side.
6:24 of 3rd period - Anton Lander wins face-off versus Colton Sissons in neutral zone.
6:28 of 3rd period - Minor Penalty to Colton Sissons for Tripping.
6:29 of 3rd period - Eric Tangradi wins face-off versus Riley Cote in Monarchs zone.
8:07 of 3rd period - Thomas Hickey is hit by Jeff Skinner and loses puck.
8:28 of 3rd period - Penalty to Colton Sissons is over, Colton Sissons is back on ice.
8:34 of 3rd period - Snap shot by Christoph Bertschy.
8:34 of 3rd period - Shot Blocked by Matt Tennyson.
8:36 of 3rd period - Slapshot by Cade Fairchild.
8:36 of 3rd period - Stopped by Darcy Kuemper with a rebound.
8:38 of 3rd period - Slapshot by Ben Hutton.
8:38 of 3rd period - Shot Blocked by Gabriel Landeskog.
8:40 of 3rd period - Snap shot by Christoph Bertschy.
8:40 of 3rd period - Shot Blocked by Gabriel Landeskog.
8:42 of 3rd period - Wrist shot by Christoph Bertschy.
8:42 of 3rd period - Shot Misses the Net.
8:53 of 3rd period - Icing by Tomas Kubalik.
8:54 of 3rd period - Maxime Macenauer wins face-off versus Tom Pyatt in Monarchs zone.
9:01 of 3rd period - Snap shot by Maxime Macenauer.
9:01 of 3rd period - Shot Misses the Net.
9:07 of 3rd period - Slapshot by Drayson Bowman.
9:07 of 3rd period - Stopped by Darcy Kuemper without a rebound.
9:08 of 3rd period - Anton Lander wins face-off versus Chris Tierney in Monarchs zone.
9:09 of 3rd period - Wrist shot by Matt Beleskey.
9:09 of 3rd period - Shot Misses the Net.
9:11 of 3rd period - Backhand shot by Derek Dorsett.
9:11 of 3rd period - Stopped by Darcy Kuemper without a rebound.
9:12 of 3rd period - Anton Lander wins face-off versus Chris Tierney in Monarchs zone.
10:03 of 3rd period - Thomas Hickey is hit by Matt Irwin and loses puck.
10:09 of 3rd period - Icing by Matt Irwin.
10:10 of 3rd period - Anton Lander wins face-off versus Tyler Toffoli in Monarchs zone.
10:15 of 3rd period - Snap shot by Matt Beleskey.
10:15 of 3rd period - Shot Hit the Post.
10:17 of 3rd period - Slapshot by Matt Niskanen.
10:17 of 3rd period - Stopped by Darcy Kuemper without a rebound.
10:18 of 3rd period - Tom Pyatt wins face-off versus Anton Lander in Monarchs zone.
10:23 of 3rd period - Slapshot by Anton Lander.
10:23 of 3rd period - Stopped by Darcy Kuemper without a rebound.
10:24 of 3rd period - Nick Bonino wins face-off versus Tom Pyatt in Monarchs zone.
10:37 of 3rd period - Snap shot by Nick Bonino.
10:37 of 3rd period - Shot Misses the Net.
10:39 of 3rd period - Slapshot by Matt Niskanen.
10:39 of 3rd period - Deflect By Tom Pyatt.
10:39 of 3rd period - Stopped by Darcy Kuemper with a rebound.
10:51 of 3rd period - Snap shot by Logan Shaw.
10:51 of 3rd period - Shot Misses the Net.
10:53 of 3rd period - Snap shot by Cody Goloubef.
10:53 of 3rd period - Shot Misses the Net.
10:57 of 3rd period - Wrist shot by Maxime Macenauer.
10:57 of 3rd period - Shot Misses the Net.
10:59 of 3rd period - Slapshot by Cody Goloubef.
10:59 of 3rd period - Stopped by Darcy Kuemper without a rebound.
11:00 of 3rd period - Nick Bonino wins face-off versus Tyler Toffoli in Monarchs zone.
11:01 of 3rd period - Wrist shot by Eric Tangradi.
11:01 of 3rd period - Stopped by Darcy Kuemper with a rebound.
11:03 of 3rd period - Slapshot by Matt Niskanen.
11:03 of 3rd period - Shot Misses the Net.
11:05 of 3rd period - Slapshot by Eric Tangradi.
11:05 of 3rd period - Deflect By Nick Bonino.
11:05 of 3rd period - Goal by Nick Bonino - Mulligans : 7 - Monarchs : 2.
11:06 of 3rd period - Tyler Toffoli wins face-off versus Nick Bonino in neutral zone.
11:50 of 3rd period - Minor Penalty to Matt Donovan for Slashing.
11:51 of 3rd period - Maxime Macenauer wins face-off versus Tyler Toffoli in Mulligans zone.
12:16 of 3rd period - Maxime Macenauer is hit by Alec Martinez and loses puck.
13:43 of 3rd period - Darren Dietz is hit by Jeff Skinner and loses puck.
13:50 of 3rd period - Penalty to Matt Donovan is over, Matt Donovan is back on ice.
13:53 of 3rd period - Off-side.
13:54 of 3rd period - Anton Lander wins face-off versus Jujhar Khaira in neutral zone.
14:28 of 3rd period - Wrist shot by Gabriel Landeskog.
14:28 of 3rd period - Stopped by Anders Lindback without a rebound.
14:29 of 3rd period - Tom Pyatt wins face-off versus Anton Lander in Mulligans zone.
15:01 of 3rd period - Emerson Etem is hit by Jonathan Tremblay and loses puck.
15:50 of 3rd period - Icing by Cody Goloubef.
15:51 of 3rd period - Chris Tierney wins face-off versus Christoph Bertschy in Mulligans zone.
15:58 of 3rd period - Slapshot by Matt Donovan.
15:58 of 3rd period - Stopped by Darcy Kuemper without a rebound.
15:59 of 3rd period - Chris Tierney wins face-off versus Nick Bonino in Monarchs zone.
16:08 of 3rd period - Slapshot by Matt Irwin.
16:08 of 3rd period - Deflect By Nick Bonino.
16:08 of 3rd period - Stopped by Anders Lindback without a rebound.
16:09 of 3rd period - Nick Bonino wins face-off versus Tyler Toffoli in Mulligans zone.
16:11 of 3rd period - Minor Penalty to Matt Donovan for Holding.
16:12 of 3rd period - Tyler Toffoli wins face-off versus Maxime Macenauer in Mulligans zone.
16:56 of 3rd period - Cade Fairchild is hit by Jeff Skinner and loses puck.
17:11 of 3rd period - Slapshot by Alec Martinez.
17:11 of 3rd period - Shot Misses the Net.
17:13 of 3rd period - Wrist shot by Jeff Skinner.
17:13 of 3rd period - Monarchs goal is going for a video replay.
17:13 of 3rd period - The goal is refused. The puck has been kicked using a distinct kicking motion..
17:14 of 3rd period - Anton Lander wins face-off versus Tyler Toffoli in Mulligans zone.
17:23 of 3rd period - Snap shot by Connor Brown.
17:23 of 3rd period - Shot Blocked by Cody Goloubef.
18:11 of 3rd period - Penalty to Matt Donovan is over, Matt Donovan is back on ice.
18:16 of 3rd period - Snap shot by Colton Sissons.
18:16 of 3rd period - Shot Misses the Net.
18:18 of 3rd period - Snap shot by Michael Stone.
18:18 of 3rd period - Stopped by Anders Lindback with a rebound.
18:54 of 3rd period - Jeff Skinner is hit by Anton Lander and loses puck.
19:49 of 3rd period - Sven Baertschi is hit by Matt Irwin and loses puck.
Goals for this period are 2 for Mulligans vs 2 for Monarchs .
Shots for this period are 11 for Mulligans vs 9 for Monarchs .
Back to the Top